 Dungeon Crawl Stone Soup version 0.30-a0-1163-gf69bf04e7a (webtiles) character file.

Game seed: 5755564868053405166

22 Esekla the Sneak (level 2, -4/21 HPs)
             Began as an Octopode Delver on Apr 29, 2023.
             Slain by an iguana (11 damage)
             ... on level 5 of the Dungeon.
             The game lasted 00:01:40 (117 turns).

Esekla the Sneak (Octopode Delver)                   Turns: 117, Time: 00:01:41

Health: -4/21      AC:  1    Str: 11    XL:     2   Next: 91%
Magic:  2/2        EV: 13    Int: 12    God:
Gold:   0          SH:  0    Dex: 13    Spells: 1/1 levels left

rFire   . . .        a - +0 falchion
rCold   . . .        (no shield)
rNeg    . . .        (helmet restricted)
rPois   .            (no amulet)
rElec   .            (no ring)
rCorr   .            (no ring)
SInv    .            (no ring)
Will    .....        (no ring)
Stlth   ++++         (no ring)
HPRegen 0.23/turn    (no ring)
MPRegen 0.08/turn    (no ring)
                     (no ring)

%: no passive effects
@: hasted, very quick
A: almost no armour, amphibious, 8 rings, camouflage 1, gelatinous body 1,
(nimble swimmer 1), tentacles
a: no special abilities


You were on level 5 of the Dungeon.
You visited 1 branch of the dungeon, and saw 1 of its levels.

Inventory:

Hand Weapons
 a - a +0 falchion (weapon)
Wands
 f - a wand of digging (2)
Scrolls
 b - a scroll of fog
 c - a scroll of noise {unknown}
 h - a scroll of identify {unknown}
Potions
 g - a potion of mutation {unknown}


   Skills:
 * Level 3.1 Fighting
 * Level 2.1 Long Blades
 * Level 2.1 Dodging
 + Level 7.0 Stealth
 * Level 0.4 Spellcasting
 * Level 0.4 Translocations


You had one spell level left.
You didn't know any spells.
Your spell library contained the following spells:

 Spells                   Type           Power      Damage    Failure   Level
 Blink                    Tloc           2%         N/A       36%         2
 Lesser Beckoning         Tloc           2%         N/A       36%         2
 Momentum Strike          Conj/Tloc      0%         3d8       41%         2


Dungeon Overview and Level Annotations

Branches:
Dungeon (5/15)             Temple (0/1) D:5

Altars:
The Shining One


Innate Abilities, Weirdness & Mutations

You cannot wear most types of armour.
You are amphibious.
You can wear up to eight rings at the same time.
Your skin changes colour to match your surroundings (Stealth+).
Your rubbery body absorbs attacks. (AC +1, EV +1)
((You are camouflaged when in or above water. (Stealth+)))
You have tentacles for arms and can constrict up to eight enemies at once.


Message History

The gnoll barely misses you.
You hit the gnoll. Your grab misses the gnoll.
The gnoll is moderately wounded.
The gnoll barely misses you.
You slash the gnoll! Your grab misses the gnoll.
The gnoll is almost dead.
The gnoll hits you with a +0 spear.
You closely miss the gnoll. You grab the gnoll. You squeeze the gnoll.
You kill the gnoll!
You have reached level 2!
The gnoll misses you.
You hit the gnoll but do no damage. You grab the gnoll. You squeeze the gnoll.
The gnoll is heavily wounded.
You constrict the gnoll. The gnoll hits you with a +0 halberd.
* * * LOW HITPOINT WARNING * * *
The gnoll misses you.
The iguana hisses angrily.
You hit the gnoll.
The gnoll is almost dead.
You constrict the gnoll.
You kill the gnoll!
Your Stealth skill increases to level 7!
Okay, then.
You feel yourself speed up.
The iguana hisses menacingly.
You closely miss the iguana. You grab the iguana.
You tentacle-slap the iguana, but do no damage.
You constrict the iguana. The iguana completely misses you.
You hit the iguana.
The iguana is moderately wounded.
You constrict the iguana, but do no damage.
The iguana misses you.
You hit the iguana.
The iguana is heavily wounded.
You constrict the iguana, but do no damage.
You completely miss the iguana.
The iguana is heavily wounded.
You constrict the iguana. The iguana bites you!
Ouch! That really hurt!
You die...

,~~~,*
#.#o#**************,*
******
#.fo*,*,*,*,*,*,**8,* *
#####o#**+*+*+*+*+*+***,*
* ####.....#
*,,,,,,,,,,,,+,,* *
#....###.#
*+*+*+*+*+*+***** #*
#.######.# *_*,*,*,*,*,**
* .* #.# #..#
###*************
.####.#####.####.#
..............##@#####
#.##.##[#.#.#.##l#...#
............#.##.#...#
.########.#.#.##.#...#
.#,,,,,,#.#.g.)g.#...#
.#,****,#,#..##......#
.#,*,,*,*,#..*##.....#
.#,*,,*,*,#..# #.#...#
.#,*,**,*,#..###.#...#


You could see an iguana and a gnoll.

Vanquished Creatures
  2 gnolls (D:5)
  A dart slug (D:5)
3 creatures vanquished.

Notes
Turn   | Place    | Note
-------+----------+-------------------------------------------
     0 | D:5      | Esekla the Octopode Delver began the quest for the Orb.
     0 | D:5      | Reached XP level 1. HP: 16/16 MP: 1/1
     2 | D:5      | Found a glowing golden altar of the Shining One.
    55 | D:5      | Noticed a sleepcap
    72 | D:5      | Noticed an iguana
   100 | D:5      | Reached XP level 2. HP: 9/21 MP: 2/2
   111 | D:5      | Reached skill level 7 in Stealth
   117 | D:5      | Slain by an iguana

Illustrated notes

Levels and vault maps discovered:
D:5:      layout_rooms, grunt_gozag_breadcrumbs, nicolae_uskayaw_suspiria,
          nicolae_overflow_hidden_temple, lemuel_mausoleum_altar_yredelemnul,
          minmay_temple_entry_statues_pillars, minivault_5

Skill      XL: |  1  2 |
---------------+-------+-----
Stealth        | 7 |  7.0
Fighting       | |  3.1
Long Blades    | |  2.1
Dodging        | |  2.1
Spellcasting   | |  0.4
Translocations | |  0.4

Action                     || total
---------------------------++-------
  Melee: Falchion          ||    10
         Constrict         ||     4
         Tentacles         ||     3
         Punch             ||     1
  Evoke: Wand              ||     1
    Use: Scroll            ||     2
         Potion            ||     1
  Dodge: Dodged            ||     7

Table legend: (Time is in decaauts)
 A = Elapsed time spent in this place.
 B = Non-inter-level travel time spent in this place.
 C = Inter-level travel time spent in this place.
 D = Time resting spent in this place.
 E = Time spent auto-exploring this place.
 F = Levels seen in this place.
 G = Mean time per level.
                   A        B        C        D        E       F      G
               +--------+--------+--------+--------+--------+-----+--------+
         Total |    116 |    116 |      0 |      8 |      0 |   1 |  116.0 |
       Dungeon |    116 |    116 |      0 |      8 |      0 |   1 |  116.0 |
               +--------+--------+--------+--------+--------+-----+--------+

Top non-repeatable levels by time:
     D:5: 116 daAuts
